 Dungeon Crawl Stone Soup version 0.28.0-45-g0d030f2227 (webtiles) character file.

Game seed: 9922454230608659985

417 MisterFreud the Covert (level 6, -1/53 HPs)
             Began as a Gnoll Delver on May 15, 2022.
             Slain by Crazy Yiuf
             ... wielding a +2 quarterstaff of chaos
              (12 damage)
             ... on level 2 of the Dungeon.
             The game lasted 00:02:30 (2248 turns).

MisterFreud the Covert (Gnoll Delver)               Turns: 2248, Time: 00:02:30

Health: -1/53      AC:  3    Str: 11    XL:     6   Next: 93%
Magic:  9/9        EV: 13    Int: 11    God:
Gold:   140        SH:  0    Dex: 14    Spells: 9/9 levels left

rFire   . . .      SeeInvis .   a - +0 short sword
rCold   . . .      Faith    .   (no shield)
rNeg    . . .      Spirit   .   b - +0 leather armour
rPois   .          Reflect  .   (no helmet)
rElec   .          Harm     .   (no cloak)
rCorr   .          Rampage  .   (no gloves)
Will    .....                   (no boots)
Stlth   ++++......              (no amulet)
HPRegen 0.17/turn               (no ring)
MPRegen 0.11/turn               (no ring)

@: lethally poisoned (-1 -> -8), flying
A: fangs 1, strong nose, distributed training
a: no special abilities


You were on level 2 of the Dungeon.
You visited 1 branch of the dungeon, and saw 6 of its levels.

You collected 140 gold pieces.

Inventory:

Hand Weapons
 a - a +0 short sword (weapon)
Armour
 b - a +0 leather armour (worn)
Wands
 g - a wand of digging (3)
Scrolls
 c - 3 scrolls of fog
 d - a scroll of magic mapping
 e - a scroll of fear
 k - a scroll of enchant weapon {unknown}
Potions
 f - a potion of haste
 h - a potion of attraction {unknown}
 i - a potion of flight
 j - a potion of curing {unknown}


   Skills:
 + Level 6.9 Fighting
 + Level 5.1 Short Blades
 + Level 2.1 Long Blades
 + Level 2.1 Axes
 + Level 2.1 Maces & Flails
 + Level 2.1 Polearms
 + Level 2.1 Staves
 + Level 2.1 Slings
 + Level 2.1 Bows
 + Level 2.1 Crossbows
 + Level 2.1 Throwing
 + Level 2.1 Armour
 + Level 5.1 Dodging
 + Level 9.8 Stealth
 + Level 2.1 Shields
 + Level 2.1 Unarmed Combat
 + Level 2.1 Spellcasting
 + Level 1.7 Conjurations
 + Level 1.7 Hexes
 + Level 1.7 Summonings
 + Level 1.7 Necromancy
 + Level 1.7 Translocations
 + Level 1.7 Transmutations
 + Level 1.7 Fire Magic
 + Level 1.7 Ice Magic
 + Level 1.7 Air Magic
 + Level 1.7 Earth Magic
 + Level 1.7 Poison Magic
 + Level 2.4 Invocations
 + Level 2.1 Evocations


You had 9 spell levels left.
You didn't know any spells.
Your spell library was empty.

Dungeon Overview and Level Annotations

Branches:
Dungeon (6/15)
 Temple: D:4-7

Altars:
Gozag

Shops:
D:3 *   D:5 (

Annotations:
D:2 Crazy Yiuf


Innate Abilities, Weirdness & Mutations

You have very sharp teeth.
Your uncanny sense of smell can sniff out nearby items.
Your experience applies equally to all skills.


Message History

No target in view!
You see here a giant cockroach corpse.
Could not explore, unopened runed door.
You open the door.
Okay, then.
Unknown command.
Okay, then.
Unknown command.
There is an open translucent door here.
Crazy Yiuf shouts!
You hit Crazy Yiuf but do no damage.
Crazy Yiuf hits you with a +2 quarterstaff of chaos.
Crazy Yiuf freezes you.
You barely miss Crazy Yiuf. You closely miss Crazy Yiuf. You bite Crazy Yiuf.
Crazy Yiuf is lightly wounded.
Crazy Yiuf says, "Line shrimp tea!"
Crazy Yiuf hits you with a +2 quarterstaff of chaos.
You are electrocuted!!
You hit Crazy Yiuf but do no damage.
Crazy Yiuf is lightly wounded.
Crazy Yiuf closely misses you.
You hit Crazy Yiuf.
Crazy Yiuf is lightly wounded.
Crazy Yiuf completely misses you.
You closely miss Crazy Yiuf.
Crazy Yiuf is lightly wounded.
Crazy Yiuf yells, "Snower song canine!"
Crazy Yiuf hits you with a +2 quarterstaff of chaos!
* * * LOW HITPOINT WARNING * * *
You are poisoned.
You hit Crazy Yiuf but do no damage.
Crazy Yiuf is lightly wounded.
You feel very sick. Crazy Yiuf barely misses you.
It was a potion of flight.
You feel very buoyant.
You fly up into the air.
You feel sick.
Crazy Yiuf hits you with a +2 quarterstaff of chaos!
You die...

#+..+# #.# ♣.P..♣ #.#
♣..P♣♣ #.# ♣♣.♣♣ #.#
♣.♣♣ #.# ♣♣.♣
#.########## ♣.♣♣
#........##. ♣♣.♣
###......... #@#
#.......).. #..g#
#.......... #...#
##.†........ #..)#
#........... #####
##..........
##.......... ####
##.#.........
#..####.........#>.
#######......####....#..


You could see Crazy Yiuf.

Vanquished Creatures
  Sigmund (D:5)
  A necrophage (D:4)
  A scorpion (D:6)
  A jelly (D:5)
  An iguana (D:5)
  An adder (D:3)
  An ufetubus (D:5)
  2 dart slugs
  5 ball pythons (D:1)
  2 bats
  4 endoplasms
  2 giant cockroaches
  6 goblins
  3 hobgoblins
  2 jackals (D:1)
  4 kobolds
  A quokka (D:1)
  5 rats
43 creatures vanquished.

Notes
Turn   | Place    | Note
-------+----------+-------------------------------------------
     0 | D:5      | Reached skill level 9 in Stealth
     0 | D:5      | MisterFreud the Gnoll Delver began the quest for the Orb.
     0 | D:5      | Reached XP level 1. HP: 23/23 MP: 1/1
     2 | D:6      | Noticed a scorpion
     7 | D:6      | Killed a scorpion
     8 | D:6      | Reached skill level 1 in Long Blades
     8 | D:6      | Reached skill level 1 in Axes
     8 | D:6      | Reached skill level 1 in Maces & Flails
     8 | D:6      | Reached skill level 1 in Polearms
     8 | D:6      | Reached skill level 1 in Staves
     8 | D:6      | Reached skill level 1 in Slings
     8 | D:6      | Reached skill level 1 in Bows
     8 | D:6      | Reached skill level 1 in Crossbows
     8 | D:6      | Reached skill level 1 in Throwing
     8 | D:6      | Reached skill level 1 in Armour
     8 | D:6      | Reached skill level 1 in Shields
     8 | D:6      | Reached skill level 1 in Unarmed Combat
     8 | D:6      | Reached skill level 1 in Spellcasting
     8 | D:6      | Reached skill level 1 in Invocations
     8 | D:6      | Reached skill level 1 in Evocations
     8 | D:6      | Reached XP level 2. HP: 29/29 MP: 1/3
     8 | D:6      | Reached XP level 3. HP: 35/35 MP: 1/4
    25 | D:5      | Reached XP level 4. HP: 41/41 MP: 2/5
   105 | D:5      | Reached skill level 1 in Conjurations
   105 | D:5      | Reached skill level 1 in Hexes
   105 | D:5      | Reached skill level 1 in Summonings
   105 | D:5      | Reached skill level 1 in Necromancy
   105 | D:5      | Reached skill level 1 in Translocations
   105 | D:5      | Reached skill level 1 in Transmutations
   105 | D:5      | Reached skill level 1 in Fire Magic
   105 | D:5      | Reached skill level 1 in Ice Magic
   105 | D:5      | Reached skill level 1 in Air Magic
   105 | D:5      | Reached skill level 1 in Earth Magic
   105 | D:5      | Reached skill level 1 in Poison Magic
   286 | D:5      | Noticed Sigmund
   291 | D:5      | Killed Sigmund
   292 | D:5      | Reached XP level 5. HP: 47/47 MP: 5/7
   292 | D:5      | Reached XP level 6. HP: 53/53 MP: 5/8
   324 | D:5      | Found Zyss's Weapon Shoppe.
   352 | D:4      | Noticed a necrophage
   373 | D:4      | Killed a necrophage
   374 | D:4      | Reached skill level 5 in Short Blades
   374 | D:4      | Reached skill level 5 in Dodging
   645 | D:3      | Found an opulent altar of Gozag.
   645 | D:3      | Found Gozag's Platinum Reserve.
  2087 | D:2      | Found a runed translucent door.
  2088 | D:2      | Noticed Crazy Yiuf
  2248 | D:2      | Slain by Crazy Yiuf

Illustrated notes

Levels and vault maps discovered:
D:1:      dpeg_chamrin_arrival_tetris, layout_basic
D:2:      layout_rooms, moated_statue, uniq_crazy_yiuf_cottage
D:3:      cheibrodos_pilgrimage, layout_basic, kiku_gazebo_pond_becter,
          nicolae_gozag_zags_fifth_avenue, zin_academy,
          okawaru_altar_gauntlet_db, shapermc_ecumenical_altar_totnotflames,
          uniq_grinder
D:4:      layout_basic, eat_drink_and_be_merry_uskayaw,
          nicolae_tso_carved_into_rock, nicolae_overflow_hidden_temple
D:5:      layout_loops_ring, vehumet_statue, serial_shops, shop,
          kennysheep_minor_cross, uniq_pikel, uniq_sigmund
D:6:      layout_cave_pools, nicolae_ru_awakened_eye

Skill      XL: |  1  2  3  4  5  6 |
---------------+-------------------+-----
Stealth        | |  9.8
Long Blades    | 1 2 |  2.1
Axes           | 1 2 |  2.1
Maces & Flails | 1 2 |  2.1
Polearms       | 1 2 |  2.1
Staves         | 1 2 |  2.1
Slings         | 1 2 |  2.1
Bows           | 1 2 |  2.1
Crossbows      | 1 2 |  2.1
Throwing       | 1 2 |  2.1
Armour         | 1 2 |  2.1
Shields        | 1 2 |  2.1
Unarmed Combat | 1 2 |  2.1
Spellcasting   | 1 2 |  2.1
Invocations    | 1 2 |  2.4
Evocations     | 1 2 |  2.1
Conjurations   | 1 |  1.7
Hexes          | 1 |  1.7
Summonings     | 1 |  1.7
Necromancy     | 1 |  1.7
Translocations | 1 |  1.7
Transmutations | 1 |  1.7
Fire Magic     | 1 |  1.7
Ice Magic      | 1 |  1.7
Air Magic      | 1 |  1.7
Earth Magic    | 1 |  1.7
Poison Magic   | 1 |  1.7
Short Blades   | 5 |  5.1
Dodging        | 5 |  5.1
Fighting       | |  6.9

Action                   |  1- 3 |  4- 6 || total
-------------------------+-------+-------++-------
Melee: Short sword       |     2 |   123 ||   125
       Bite              |       |    13 ||    13
       Punch             |       |     1 ||     1
  Use: Potion            |       |     1 ||     1
 Stab: Sleeping          |     2 |    20 ||    22
Armor: Leather armour    |       |    11 ||    11
Dodge: Dodged            |       |    44 ||    44
